[Event "Team 45 45 League T67"]
[Site "Internet Chess Club"]
[Date "2015.12.08"]
[Round "1"]
[White "SlowFox"]
[Black "CHENENE"]
[Result "0-1"]
[WhiteElo "2089"]
[BlackElo "2263"]
[Opening "Sicilian: Najdorf, Opocensky variation"]
[ECO "B92"]
[Time "15:12:56"]
[TimeControl "2700+45"]

1. e4 c5 2. Nf3 d6 3. d4 cxd4 4. Nxd4 Nf6 5. Nc3 a6 6. Be2 e5 7. Nb3 Be7 8. O-O
b5 9. Be3 Bb7 10. a4 b4 11. Nd5 Nxd5 12. exd5 Nd7 13. c4 bxc3 14. bxc3 O-O 15.
c4 Qc7 16. Qd2 Rab8 17. Rfc1 f5 18. f3 Ba8 19. Rab1 Bh4 20. Kh1 f4 21. Bg1 Rfd8
22. Bd3 g6 23. Qc2 Be7 24. Bf2 Kg7 25. Be1 Rf8 26. Qf2 Nf6 27. Qe2 Rfc8 28. Bc3
Qa7 29. Nd2 Qe3 30. Rxb8 Rxb8 31. Qxe3 fxe3 32. Nf1 Nd7 33. f4 Bf6 34. fxe5 Nxe5
35. Be2 Rb3 36. Kg1 Nf3+ 37. Bxf3 Bxc3 38. Rd1 Bb4 39. Ng3 Rb2 40. Be2 a5 41.
Kf1 Bb7 42. Rd3 Ba6 43. Rxe3 Bc5 44. Rd3 Rb1+ 45. Rd1 Rxd1+ 46. Bxd1 Bxc4+ 47.
Be2 Bxd5 48. Bb5 Kf6 49. Ne2 Ke5 50. g3 Be3 51. Nc3 Bf3 52. Be8 d5 53. Nb5 d4
54. Na3 d3 55. Nc4+ Kd4 {White resigns} 0-1

[Event "Team 45 45 League T67"]
[Site "Internet Chess Club"]
[Date "2015.12.06"]
[Round "1"]
[White "Agarnez"]
[Black "PoisonPawn"]
[Result "1-0"]
[WhiteElo "2014"]
[BlackElo "2173"]
[Opening "Nimzo-Indian: 4.e3, main line with 7...Nc6"]
[ECO "E56"]
[Time "08:13:14"]
[TimeControl "2700+45"]

1. d4 Nf6 2. c4 e6 3. Nc3 Bb4 4. e3 O-O 5. Bd3 d5 6. Nf3 c5 7. O-O Nc6 8. a3 Ba5
9. cxd5 exd5 10. dxc5 Bxc3 11. bxc3 Bg4 12. c4 Ne5 13. cxd5 Bxf3 14. gxf3 Qxd5
15. Be2 Qxc5 16. Bb2 Rad8 17. Bd4 Qe7 18. Qc1 Rxd4 19. exd4 Nc6 20. Qc4 Rd8 21.
Rfd1 Nd5 22. Bf1 Qg5+ 23. Kh1 Nf4 24. Rab1 Rd6 25. Rxb7 Rh6 26. Qxf7+ {Black
resigns} 1-0

[Event "Team 45 45 League T67"]
[Site "Internet Chess Club"]
[Date "2015.12.03"]
[Round "1"]
[White "primerpaso"]
[Black "Pomberito"]
[Result "0-1"]
[WhiteElo "1912"]
[BlackElo "2006"]
[Opening "English opening"]
[ECO "A17"]
[Time "15:23:56"]
[TimeControl "2700+45"]

1. c4 Nf6 2. Nc3 e6 3. g3 d5 4. cxd5 exd5 5. d4 c6 6. Bg2 Bd6 7. Nf3 O-O 8. O-O
Re8 9. Bg5 Nbd7 10. Rc1 h6 11. Bf4 Bf8 12. h3 Nh5 13. Bd2 Bd6 14. Ne1 Nhf6 15.
Nd3 Nf8 16. Bf4 Ng6 17. Bxd6 Qxd6 18. e3 Bf5 19. Nc5 b6 20. N5a4 Nh7 21. Ne2 Ng5
22. g4 Bc8 23. Qc2 Ba6 24. Rfe1 Nh4 25. Red1 Ngf3+ 26. Bxf3 Nxf3+ 27. Kg2 Bxe2
28. Qxe2 Qh2+ 29. Kxf3 Qxh3+ 30. Kf4 Re4+ 31. Kf5 g6+ 32. Kf6 Re6# {White
checkmated} 0-1

[Event "Team 45 45 League T67"]
[Site "Internet Chess Club"]
[Date "2015.12.06"]
[Round "1"]
[White "bradleyguo175"]
[Black "Packerfan"]
[Result "0-1"]
[WhiteElo "1615"]
[BlackElo "1885"]
[Opening "King's Indian: 6.Be2"]
[ECO "E91"]
[Time "14:30:49"]
[TimeControl "2700+45"]

1. d4 Nf6 2. c4 g6 3. Nc3 Bg7 4. e4 d6 5. Be2 O-O 6. Nf3 Nbd7 7. O-O b6 8. b4
Bb7 9. Qc2 c5 10. bxc5 dxc5 11. Bb2 cxd4 12. Nxd4 Nc5 13. Rfd1 Qc8 14. f3 Rd8
15. Nd5 Rd7 16. Nb5 Ne8 17. Bxg7 Nxg7 18. Ndc7 Rxc7 19. Nxc7 Qxc7 20. Rd2 Rd8
21. Rxd8+ Qxd8 22. Rd1 Qc7 23. Qd2 Ne8 24. Qd8 Qxd8 25. Rxd8 Kf8 26. e5 e6 27.
f4 Ke7 28. Rd4 h5 29. h3 Ng7 30. g4 hxg4 31. hxg4 Ne8 32. a3 Nc7 33. Kf2 N7a6
34. Bf3 Bxf3 35. Kxf3 Nb3 36. Rd1 Nac5 37. Ke3 Na5 38. Kd4 Na4 39. Rh1 Nb2 40.
Rh8 Naxc4 41. Rc8 a6 42. Rc7+ Ke8 43. Ra7 a5 44. Ra8+ Ke7 45. Ra7+ Kf8 46. Ra8+
Kg7 47. Rc8 Nxa3 {White resigns} 0-1

[Event "Team 45 45 League T67"]
[Site "Internet Chess Club"]
[Date "2015.12.05"]
[Round "1"]
[White "Lrn2Mate"]
[Black "uzi"]
[Result "0-1"]
[WhiteElo "1576"]
[BlackElo "1650"]
[Opening "English: Carls' Bremen system"]
[ECO "A22"]
[Time "06:30:14"]
[TimeControl "2700+45"]

1. c4 e5 2. Nc3 Nf6 3. g3 Nc6 4. Bg2 Bc5 5. e3 d6 6. Nge2 Bg4 7. O-O O-O 8. a3
a5 9. Qc2 Re8 10. Rb1 Qd7 11. Re1 Rad8 12. Ne4 Nxe4 13. Bxe4 f5 14. Bg2 e4 15.
d4 exd3 16. Qxd3 Ne5 17. Qd5+ Kh8 18. Qxb7 Rb8 19. Qa6 Rb6 20. Qxa5 Nxc4 21. Qc3
Nxa3 22. Ra1 Bb4 23. Qd4 Bxe1 24. Qd1 Bxe2 25. Qxe2 Qb5 26. Qxb5 Nxb5 27. Rb1
Bb4 28. b3 Nc3 {White resigns} 0-1

[Event "Team 45 45 League T67"]
[Site "Internet Chess Club"]
[Date "2015.12.03"]
[Round "1"]
[White "mongmong"]
[Black "tryanything"]
[Result "1/2-1/2"]
[WhiteElo "1602"]
[BlackElo "1581"]
[Opening "Old Benoni: Mujannah formation"]
[ECO "A43"]
[Time "18:06:32"]
[TimeControl "2700+45"]

1. d4 c5 2. d5 f5 3. g3 Nf6 4. Bg2 g6 5. c4 Bg7 6. Nc3 d6 7. Nf3 O-O 8. O-O a6
9. Rb1 Nbd7 10. Qc2 Re8 11. Nd2 Nf8 12. e4 fxe4 13. Ndxe4 Nxe4 14. Bxe4 Rb8 15.
f4 e6 16. Be3 e5 17. a4 exf4 18. Bxf4 Bxc3 19. bxc3 Rxe4 20. Qxe4 Bf5 21. Qe3
Bxb1 22. Rxb1 Qd7 23. a5 Re8 24. Qd2 Re4 25. Qd3 Qf5 26. Qf1 Qd7 27. Qd3 Qf5 28.
Qf1 Qd7 {Game drawn by mutual agreement} 1/2-1/2

[Event "Team 45 45 League T67"]
[Site "Internet Chess Club"]
[Date "2015.12.04"]
[Round "1"]
[White "Kingfisher75"]
[Black "GideonL"]
[Result "1-0"]
[WhiteElo "1640"]
[BlackElo "1484"]
[Opening "QGD Slav: 3.Nf3"]
[ECO "D11"]
[Time "16:30:38"]
[TimeControl "2700+45"]

1. d4 d5 2. c4 c6 3. Nf3 Nf6 4. Qb3 dxc4 5. Qxc4 e6 6. Bg5 Be7 7. Nc3 Nbd7 8. g3
O-O 9. Bg2 Nb6 10. Qb3 Bd7 11. O-O Qc7 12. Rac1 Nbd5 13. Nxd5 Nxd5 14. Bxe7 Nxe7
15. Rfd1 Rfc8 16. Ne5 Ng6 17. Nxg6 hxg6 18. d5 exd5 19. Bxd5 Be8 20. Be4 Qb6 21.
Qxb6 axb6 22. a3 Rd8 23. Bg2 Bd7 24. Rd2 Be6 25. Rcd1 Rxd2 26. Rxd2 Ra5 27. Rd8+
Kh7 28. f4 Rb5 29. b4 Bd5 30. Bxd5 Rxd5 31. Rxd5 cxd5 32. Kf2 Kh6 33. g4 g5 34.
f5 g6 35. f6 {Black resigns} 1-0

[Event "Team 45 45 League T67"]
[Site "Internet Chess Club"]
[Date "2015.12.02"]
[Round "1"]
[White "kwchess"]
[Black "ticopatzer"]
[Result "0-1"]
[WhiteElo "1652"]
[BlackElo "1744"]
[Opening "Petrov's defense"]
[ECO "C42"]
[Time "20:06:23"]
[TimeControl "2700+45"]

1. e4 e5 2. Nf3 Nf6 3. Nxe5 d6 4. Nf3 Nxe4 5. Bd3 Nf6 6. O-O Be7 7. h3 O-O 8. c3
c5 9. Bc2 Nc6 10. d4 Be6 11. Bf4 Qb6 12. Qd2 cxd4 13. Nxd4 Nxd4 14. cxd4 Nd5 15.
Bg3 Rac8 16. Na3 Nb4 17. Bb1 Bd5 18. b3 a5 19. Nc2 Nxc2 20. Bxc2 Bf6 21. Qd3 g6
22. Rac1 Rfe8 23. Rfe1 Rxe1+ 24. Rxe1 Bxd4 25. Rd1 Be5 26. Bxe5 dxe5 27. Qxd5
Rxc2 28. Qd8+ Qxd8 29. Rxd8+ Kg7 30. Rd7 Rxa2 31. Rxb7 h5 32. Ra7 Ra3 33. Rb7
Ra1+ 34. Kh2 h4 35. Ra7 Ra3 36. Kg1 e4 37. Kf1 Rxb3 38. Rxa5 Rb1+ 39. Ke2 Rg1
40. Rg5 f5 41. f4 exf3+ 42. Kxf3 Kf6 43. Kf2 Rc1 {White resigns} 0-1

[Event "Team 45 45 League T67"]
[Site "Internet Chess Club"]
[Date "2015.12.02"]
[Round "1"]
[White "rayonline53"]
[Black "Schachteufel"]
[Result "1-0"]
[WhiteElo "1489"]
[BlackElo "1627"]
[Opening "Sicilian: dragon variation"]
[ECO "B70"]
[Time "18:00:56"]
[TimeControl "2700+45"]

1. e4 c5 2. Nf3 d6 3. d4 cxd4 4. Nxd4 Nf6 5. Nc3 g6 6. Bb5+ Bd7 7. O-O Bg7 8. h3
O-O 9. Be3 Nc6 10. f3 Ne8 11. Qd2 Nc7 12. Nxc6 bxc6 13. Ba4 c5 14. Bxd7 Qxd7 15.
Rad1 Ne6 16. Bh6 Rab8 17. Bxg7 Kxg7 18. b3 Rfc8 19. Ne2 c4 20. Nd4 cxb3 21.
Nxe6+ Qxe6 22. cxb3 Qe5 23. Rc1 a5 24. Rxc8 Rxc8 25. Rc1 Rxc1+ 26. Qxc1 d5 27.
exd5 Qxd5 28. Qb2+ f6 29. Kf2 e5 30. Ke2 Qb5+ 31. Kf2 Kf7 32. Qc3 Kg7 33. a3 h5
34. b4 Qb6+ 35. Qe3 Qa6 36. Qc5 axb4 37. Qxb4 Kh6 38. a4 f5 39. Qb5 Qa7+ 40. Kf1
Qe3 41. Qe2 Qc1+ 42. Kf2 Qc5+ 43. Qe3+ Qxe3+ 44. Kxe3 g5 45. a5 g4 46. a6 f4+
47. Ke4 gxf3 48. Kxf3 Kg5 49. a7 Kf5 50. a8=Q e4+ 51. Qxe4+ {Black resigns} 1-0

[Event "Team 45 45 League T67"]
[Site "Internet Chess Club"]
[Date "2015.12.06"]
[Round "1"]
[White "evan7284"]
[Black "medsurg"]
[Result "1-0"]
[WhiteElo "1688"]
[BlackElo "1391"]
[Opening "Torre attack (Tartakower variation)"]
[ECO "D03"]
[Time "15:01:14"]
[TimeControl "2700+45"]

1. d4 Nf6 2. Nf3 d5 3. Bg5 e6 4. Nbd2 Be7 5. e3 c5 6. c3 Nc6 7. Bd3 Qb6 8. Qb3
Qxb3 9. axb3 cxd4 10. exd4 h6 11. Bh4 g5 12. Bg3 g4 13. Ne5 Nh5 14. Nxg4 Nxg3
15. hxg3 h5 16. Ne5 Nxe5 17. dxe5 Bd7 18. Be2 h4 19. Nf3 Bc6 20. Nd4 Rg8 21.
Nxc6 bxc6 22. g4 Kd7 23. b4 Kc7 24. f4 f6 25. Rxh4 fxe5 26. Rh7 Kd6 27. fxe5+
Kxe5 28. Rxe7 {Black resigns} 1-0

[Event "Team 45 45 League T67"]
[Site "Internet Chess Club"]
[Date "2015.12.13"]
[Round "1"]
[White "AVEMARIA"]
[Black "LN09102Q"]
[Result "1-0"]
[WhiteElo "1582"]
[BlackElo "1639"]
[Opening "Giuoco Piano"]
[ECO "C50"]
[Time "11:01:04"]
[TimeControl "2700+45"]

1. e4 e5 2. Nf3 Nc6 3. Bc4 Bc5 4. O-O Nf6 5. d3 h6 6. c3 d6 7. h3 O-O 8. Bb3 Be6
9. Bc2 Qe7 10. Re1 Rfe8 11. Nbd2 Qd7 12. Nb3 Bb6 13. d4 Bxb3 14. Bxb3 exd4 15.
cxd4 Nxe4 16. Bc2 Nf6 17. Be3 Nd5 18. a3 Nxe3 19. fxe3 Re7 20. Qd3 g6 21. Ba4
Rae8 22. Kh1 a6 23. e4 Ba7 24. d5 Ne5 25. Bxd7 Nxd3 26. Bxe8 Nxe1 27. Bxf7+ Kxf7
28. Rxe1 g5 29. g4 Kg6 30. Kg2 b5 31. b3 Bc5 32. a4 bxa4 33. bxa4 a5 34. e5 dxe5
35. Rxe5 Rxe5 36. Nxe5+ Kf6 37. Nd7+ Ke7 38. Nxc5 Kd6 39. Nb7+ Kxd5 40. Nxa5 c6
41. Kf3 c5 42. Ke3 c4 43. Nxc4 Kxc4 44. Ke4 Kb4 45. Kf5 Kxa4 46. Kg6 Kb4 47.
Kxh6 Kc4 48. Kxg5 Kd5 49. Kg6 Ke6 50. g5 Ke7 51. Kg7 Ke6 52. g6 Kf5 53. Kh7 Kg5
54. g7 Kh4 55. g8=Q Kxh3 56. Qg5 Kh2 57. Kg6 Kh1 58. Kf5 Kh2 59. Kf4 Kh3 60.
Qg3# {Black checkmated} 1-0

[Event "Team 45 45 League T67"]
[Site "Internet Chess Club"]
[Date "2015.12.05"]
[Round "1"]
[White "FosterChess"]
[Black "Kingofknights"]
[Result "0-1"]
[WhiteElo "1501"]
[BlackElo "1595"]
[Opening "Caro-Kann: Steinitz variation"]
[ECO "B17"]
[Time "13:00:33"]
[TimeControl "2700+45"]

1. e4 c6 2. d4 d5 3. Nd2 dxe4 4. Nxe4 Nd7 5. Nf3 Ngf6 6. Ng3 e6 7. Be2 Be7 8.
O-O c5 9. dxc5 Nxc5 10. Bb5+ Bd7 11. Bxd7+ Qxd7 12. Bg5 Qb5 13. b3 Rd8 14. Qe2
Qb6 15. Rad1 O-O 16. Rd2 Qa5 17. a4 Rxd2 18. Nxd2 Rd8 19. Rd1 h6 20. Be3 Nd5 21.
Bxh6 gxh6 22. Qg4+ Bg5 23. h4 Nf6 24. Qc4 Rxd2 25. Rxd2 Bxd2 {White resigns} 0-1

[Event "Team 45 45 League T67"]
[Site "Internet Chess Club"]
[Date "2015.12.05"]
[Round "1"]
[White "kidviper"]
[Black "anna"]
[Result "1/2-1/2"]
[WhiteElo "1955"]
[BlackElo "1841"]
[Opening "Hungarian defense"]
[ECO "C50"]
[Time "09:04:56"]
[TimeControl "2700+45"]

1. e4 e5 2. Nf3 Nc6 3. Bc4 Be7 4. d4 d6 5. h3 Nf6 6. Nc3 O-O 7. O-O a6 8. a4 h6
9. Re1 Re8 10. Be3 Bd7 11. d5 Nb8 12. a5 Bc8 13. Bd3 Nbd7 14. Ne2 Nf8 15. Ng3
Ng6 16. c4 Bd7 17. Rc1 c5 18. dxc6 Bxc6 19. Bb6 Qd7 20. Nf5 Bd8 21. Bxd8 Raxd8
22. Qc2 Nf4 23. Ng3 Qc7 24. b4 b6 25. b5 Bb7 26. axb6 Qxb6 27. Bf1 Rc8 28. Qb1
axb5 29. cxb5 Nd7 30. Nf5 Rxc1 31. Qxc1 Nc5 32. g3 Nxe4 33. Qe3 Qxe3 34. Rxe3 g6
35. Nxh6+ Kg7 36. Nxf7 Nxh3+ 37. Bxh3 Kxf7 38. Rxe4 Bxe4 39. Ng5+ Ke7 40. Nxe4
d5 41. Nc3 Kd6 42. Kf1 Rb8 43. Ke2 d4 44. Ne4+ Ke7 45. Kd3 Rxb5 46. Kc4 Rb2 47.
f4 exf4 48. gxf4 {Game drawn by mutual agreement} 1/2-1/2

[Event "Team 45 45 League T67"]
[Site "Internet Chess Club"]
[Date "2015.12.05"]
[Round "1"]
[White "Elton2013"]
[Black "kidcobra"]
[Result "0-1"]
[WhiteElo "1756"]
[BlackElo "1866"]
[Opening "King's Indian: orthodox, Aronin-Taimanov, 9.Ne1"]
[ECO "E98"]
[Time "20:08:26"]
[TimeControl "2700+45"]

1. d4 Nf6 2. c4 g6 3. Nc3 Bg7 4. e4 d6 5. Be2 O-O 6. Nf3 e5 7. O-O Nc6 8. d5 Ne7
9. Ne1 Nd7 10. Be3 f5 11. f3 f4 12. Bf2 g5 13. Nd3 Ng6 14. b4 h5 15. c5 Nf6 16.
cxd6 cxd6 17. Rc1 Qd7 18. a4 g4 19. Nb5 Bh6 20. Rc3 Ne8 21. Qc2 a6 22. Rc7 Qd8
23. Bb6 axb5 24. Rg7+ Nxg7 25. Bxd8 Rxd8 26. axb5 gxf3 27. Bxf3 Bd7 28. Rc1 Rdc8
29. Qd1 Bxb5 30. Rxc8+ Rxc8 31. h3 Nh4 32. Ne1 Bg5 33. Bxh5 f3 34. Nxf3 Rc1 35.
Nxg5 Rxd1+ 36. Bxd1 Ng6 37. g3 Nh8 38. Kf2 Nf7 39. Nxf7 Kxf7 40. Be2 Bxe2 41.
Kxe2 Kg6 42. Kf3 Kg5 43. Ke3 Nh5 44. Kf3 Nf6 45. Ke3 Nd7 46. Kd3 b5 47. Kc3 Nf6
48. Kd3 Nh5 49. g4 Nf4+ 50. Ke3 Nxh3 51. Kf3 Nf4 52. Kg3 Ng6 53. Kf3 Kh4 54. g5
Kxg5 55. Kg3 Nh4 56. Kf2 Kf4 57. Ke2 Kxe4 {White resigns} 0-1

[Event "Team 45 45 League T67"]
[Site "Internet Chess Club"]
[Date "2015.12.05"]
[Round "1"]
[White "KidRattler"]
[Black "moodle"]
[Result "1-0"]
[WhiteElo "1741"]
[BlackElo "1668"]
[Opening "Hungarian defense"]
[ECO "C50"]
[Time "13:05:20"]
[TimeControl "2700+45"]

1. e4 e5 2. Nf3 Nc6 3. Bc4 Be7 4. d4 d6 5. dxe5 dxe5 6. Bd2 Nf6 7. Nc3 Bg4 8. h3
Bh5 9. Be3 Bg6 10. Qxd8+ Rxd8 11. Bd3 O-O 12. O-O-O h6 13. Nd2 Bb4 14. f3 Rfe8
15. Bb5 a6 16. Bxc6 bxc6 17. Nc4 Nd7 18. a3 Bxc3 19. bxc3 f6 20. Na5 Nb8 21. Ba7
Bf7 22. Rxd8 Rxd8 23. Bxb8 Rxb8 24. Nxc6 Rb6 25. Nb4 c5 26. Nd3 Rb5 27. Kd2 Kf8
28. Rd1 Ra5 29. Ra1 Ke7 30. Ke3 Bc4 31. g3 Rb5 32. f4 Bxd3 33. Kxd3 Kd6 34. c4
Rb6 35. Kc3 exf4 36. gxf4 Ke6 37. Rd1 Rb7 38. Rd5 Rc7 39. h4 g6 40. Kb3 Rc6 41.
f5+ gxf5 42. exf5+ Ke7 43. Ka4 h5 44. Ka5 Ke8 45. Rd3 Ke7 46. Rb3 Kd6 47. Rb6
Kd7 48. Rxc6 Kxc6 49. Kxa6 Kd7 50. Kb6 Kd6 51. a4 Kd7 52. Kxc5 Kc7 53. Kd5 Kb6
54. Ke6 Kc5 55. Kxf6 Kxc4 56. Kg5 Kd5 57. Kxh5 Ke5 58. Kg5 Kd6 59. Kf6 Kd7 60.
Kf7 Kd6 61. h5 Ke5 62. h6 Kxf5 63. h7 {Black resigns} 1-0

[Event "Team 45 45 League T67"]
[Site "Internet Chess Club"]
[Date "2015.12.07"]
[Round "1"]
[White "viktory"]
[Black "BJJ"]
[Result "1-0"]
[WhiteElo "1704"]
[BlackElo "1498"]
[Opening "QGD: Albin counter-gambit"]
[ECO "D08"]
[Time "19:16:57"]
[TimeControl "2700+45"]

1. d4 d5 2. c4 e5 3. dxe5 d4 4. Nf3 Bb4+ 5. Nbd2 Nc6 6. a3 Be7 7. Nb3 f6 8.
Nbxd4 fxe5 9. Nxc6 Qxd1+ 10. Kxd1 bxc6 11. Nxe5 Bb7 12. Bf4 Nf6 13. g3 Ne4 14.
Ke1 Bc5 15. e3 g5 16. Nd3 gxf4 17. Nxc5 Nxc5 18. gxf4 O-O-O 19. b4 Ne4 20. a4
Rhg8 21. c5 Rd2 22. Bh3+ Kb8 23. Bf5 Rg2 24. Bxe4 Rgxf2 25. Bd3 Bc8 26. Rd1 Rb2
27. h3 Be6 28. Ba6 Bd5 29. Rg1 Rg2 30. Rxg2 Rxg2 31. Kf1 Rg8 32. b5 cxb5 33.
Rxd5 bxa4 34. Rd4 a3 35. Rb4+ Ka8 36. Bb7+ Kb8 37. Bd5+ {Black resigns} 1-0

[Event "Team 45 45 League T67"]
[Site "Internet Chess Club"]
[Date "2015.12.06"]
[Round "1"]
[White "Skeptic1972"]
[Black "az2112"]
[Result "1-0"]
[WhiteElo "1667"]
[BlackElo "1572"]
[Opening "Sicilian: Najdorf, 7.f4"]
[ECO "B96"]
[Time "12:48:36"]
[TimeControl "2700+45"]

1. e4 c5 2. Nf3 d6 3. d4 cxd4 4. Nxd4 Nf6 5. Nc3 a6 6. Bg5 e6 7. f4 h6 8. Bh4
Be7 9. Bd3 Nbd7 10. Qf3 Nc5 11. O-O-O b5 12. Nc6 Qc7 13. Nxe7 Kxe7 14. e5 dxe5
15. Qxa8 {Black resigns} 1-0

[Event "Team 45 45 League T67"]
[Site "Internet Chess Club"]
[Date "2015.12.04"]
[Round "1"]
[White "SugarIslander"]
[Black "Ajolote"]
[Result "1-0"]
[WhiteElo "1667"]
[BlackElo "1675"]
[Opening "Nimzo-Indian: three knights variation"]
[ECO "E21"]
[Time "19:00:11"]
[TimeControl "2700+45"]

1. d4 Nf6 2. c4 e6 3. Nc3 Bb4 4. Nf3 O-O 5. Qc2 Bxc3+ 6. Qxc3 Nc6 7. Bg5 Qe7 8.
e3 Re8 9. Be2 Ne4 10. Bxe7 Nxc3 11. Ba3 Nxe2 12. Kxe2 d6 13. b3 Bd7 14. h3 Re7
15. Rhd1 Rae8 16. Rd2 e5 17. d5 Nd8 18. e4 h6 19. c5 Bb5+ 20. Ke3 Rd7 21. cxd6
cxd6 22. Rc1 f6 23. Rdc2 Nf7 24. Rc7 Red8 25. Nd2 Kf8 26. Rxd7 Rxd7 27. Rc8+ Nd8
28. Nc4 Bxc4 29. Rxc4 Ke7 30. f4 Nf7 31. g3 Kd8 32. Kf3 Rc7 33. Kg4 Rxc4 34.
bxc4 Kd7 35. Kf5 Nh8 36. fxe5 fxe5 37. c5 dxc5 38. Bxc5 b6 39. Bf8 Nf7 40. Bxg7
Kd6 41. Bf8+ Kd7 42. h4 a5 43. a4 Kc7 44. Ke6 Nd8+ 45. Kxe5 Nb7 46. Bxh6 Nd6 47.
Bf4 Ne8 48. Kd4+ Kd7 49. e5 Ke7 50. g4 {Black resigns} 1-0

[Event "Team 45 45 League T67"]
[Site "Internet Chess Club"]
[Date "2015.12.07"]
[Round "1"]
[White "Insan996"]
[Black "Gojira"]
[Result "0-1"]
[WhiteElo "1604"]
[BlackElo "1699"]
[Opening "QGD Slav: exchange variation, 6.Bf4 Bf5"]
[ECO "D14"]
[Time "22:17:12"]
[TimeControl "2700+45"]

1. d4 d5 2. c4 c6 3. cxd5 cxd5 4. Nf3 Nf6 5. Nc3 Nc6 6. Bf4 Bf5 7. Qb3 Qd7 8. e3
a6 9. Be2 e6 10. O-O Bd6 11. Ne5 Qc7 12. Nd3 Bxf4 13. Nxf4 O-O 14. Rac1 Nxd4 15.
Qd1 Nxe2+ 16. Ncxe2 Qb6 17. Nd4 Bg6 18. Nxg6 hxg6 19. Rc2 Ne4 20. Qe2 Rac8 21.
Rfc1 Nd6 22. b3 Rxc2 23. Rxc2 Qa5 24. h3 Rc8 25. Nf3 Rc3 26. Ne5 Qc7 27. Rxc3
Qxc3 28. Kf1 Qxe5 {White resigns} 0-1

[Event "Team 45 45 League T67"]
[Site "Internet Chess Club"]
[Date "2015.12.06"]
[Round "1"]
[White "drsigmund1"]
[Black "nidusin2"]
[Result "1-0"]
[WhiteElo "1495"]
[BlackElo "1560"]
[Opening "Queen's pawn game"]
[ECO "A46"]
[Time "07:10:39"]
[TimeControl "2700+45"]

1. d4 Nf6 2. Nf3 e6 3. Bf4 d6 4. Nbd2 Be7 5. h3 b6 6. e3 O-O 7. Bd3 Bb7 8. O-O
Nbd7 9. Nc4 d5 10. Ncd2 Rc8 11. a4 c5 12. c3 Ne4 13. Ne5 Nxe5 14. Bxe5 Bd6 15.
Bxd6 Qxd6 16. Bxe4 dxe4 17. Qg4 f5 18. Qe2 Rf6 19. Nc4 Qc7 20. Ne5 cxd4 21. cxd4
Qc2 22. Qb5 Bc6 23. Qa6 Bd5 24. Rac1 Qxc1 25. Rxc1 Rxc1+ 26. Kh2 Rf8 27. Qxa7
Rcc8 28. Nd7 Rf7 29. Qa6 Ra8 30. Qb5 h6 31. Ne5 Rb7 32. b4 Kh7 33. Nd7 Rc8 34.
Nxb6 Rcb8 35. a5 g5 36. Qc5 f4 37. Nxd5 exd5 38. Qxd5 Rxb4 39. Qxe4+ Kh8 40.
Qe5+ Kg8 41. e4 R4b5 42. Qe6+ Kg7 43. a6 {Black resigns} 1-0

[Event "Team 45 45 League T67"]
[Site "Internet Chess Club"]
[Date "2015.12.06"]
[Round "1"]
[White "DarthDaver"]
[Black "lacibacsi"]
[Result "1/2-1/2"]
[WhiteElo "1960"]
[BlackElo "2074"]
[Opening "Sicilian: Sveshnikov variation"]
[ECO "B33"]
[Time "16:30:22"]
[TimeControl "2700+45"]

1. e4 c5 2. Nf3 Nc6 3. d4 cxd4 4. Nxd4 Nf6 5. Nc3 e5 6. Ndb5 d6 7. Bg5 a6 8. Na3
b5 9. Bxf6 gxf6 10. Nd5 f5 11. c3 Bg7 12. Bd3 Be6 13. O-O Bxd5 14. exd5 Ne7 15.
Qh5 e4 16. Be2 O-O 17. Nc2 Rc8 18. Ne3 f4 19. Nf5 Re8 20. Nxg7 Kxg7 21. a4 Ng6
22. axb5 axb5 23. Bxb5 Re5 24. Qd1 Qg5 25. Bd7 Rc7 26. Qg4 f3 27. h4 Qxh4 28.
Qxh4 Nxh4 29. g3 Rxd7 30. gxh4 Rxd5 31. b4 Rc7 32. Rfc1 Rd3 33. c4 Rd4 34. c5
Rxb4 35. cxd6 Rxc1+ 36. Rxc1 Rd4 37. Kh2 Rxd6 38. Kg3 Rd2 39. Rc5 h6 40. Re5 Re2
41. Ra5 Kg6 42. Ra6+ f6 43. Ra5 Rb2 44. Rc5 Rd2 45. Ra5 Rc2 46. Rb5 Rd2 47. Ra5
Rb2 48. Rc5 h5 49. Ra5 Re2 50. Rb5 Rd2 51. Ra5 Rd1 52. Kf4 Re1 53. Rb5 Rh1 54.
Kxe4 Rxh4+ 55. Kxf3 Rc4 56. Kg3 Rg4+ 57. Kf3 f5 58. Rb8 Kf7 59. Rb5 Kf6 60. Rb8
h4 61. Rf8+ Ke6 62. Rh8 {Game drawn by mutual agreement} 1/2-1/2

[Event "Team 45 45 League T67"]
[Site "Internet Chess Club"]
[Date "2015.12.05"]
[Round "1"]
[White "JJ12"]
[Black "ShootStraight"]
[Result "0-1"]
[WhiteElo "2051"]
[BlackElo "1986"]
[Opening "Sicilian: Alapin's variation (2.c3)"]
[ECO "B22"]
[Time "20:00:35"]
[TimeControl "2700+45"]

1. e4 c5 2. c3 g6 3. d4 cxd4 4. cxd4 d5 5. e5 Bg7 6. Nc3 Nc6 7. Bb5 f6 8. Nf3
Bg4 9. Bf4 fxe5 10. dxe5 e6 11. Qa4 Ne7 12. Bg5 Bxf3 13. Bxc6+ bxc6 14. Bxe7
Kxe7 15. gxf3 Bxe5 16. Qxc6 Qc8 17. Nxd5+ exd5 18. Qxd5 Qe6 19. Qb7+ Kf6 20. Kf1
Qh3+ 21. Kg1 Rhe8 22. Rc1 Rac8 23. Rd1 Re7 24. Qd5 Rce8 25. Rf1 Bf4 26. Qc6+ Kg5
27. Qd5+ Re5 {White resigns} 0-1

[Event "Team 45 45 League T67"]
[Site "Internet Chess Club"]
[Date "2015.12.04"]
[Round "1"]
[White "bobhill"]
[Black "The7thGuest"]
[Result "1/2-1/2"]
[WhiteElo "1971"]
[BlackElo "1939"]
[Opening "King's Indian: Torre attack"]
[ECO "A48"]
[Time "13:00:28"]
[TimeControl "2700+45"]

1. d4 Nf6 2. Nf3 g6 3. Bg5 Bg7 4. Nbd2 d5 5. e3 O-O 6. Bd3 b6 7. Ne5 Bb7 8. O-O
c5 9. c3 Nc6 10. f4 Nxe5 11. fxe5 Ne4 12. Nxe4 dxe4 13. Bc2 f6 14. exf6 exf6 15.
Bh4 cxd4 16. cxd4 g5 17. Bg3 f5 18. Qh5 Qf6 19. Bb3+ Kh8 20. Rac1 Ba6 21. Be5
Qg6 22. Qxg6 hxg6 23. Bxg7+ Kxg7 24. Rc7+ Kh6 25. Rfc1 f4 26. Kf2 fxe3+ 27. Kxe3
g4 28. Bd5 Rac8 29. Be6 Rxc7 30. Rxc7 Rf1 31. Bxg4 Bd3 32. Rxa7 Kg5 33. h3 Re1+
34. Kd2 Rg1 35. Re7 Rxg2+ 36. Kc3 Rc2+ 37. Kb3 Rc6 38. a3 Bc4+ 39. Kb4 Kf4 40.
b3 Bd3 41. Rf7+ Ke3 42. d5 Rd6 43. Rd7 Rxd7 44. Bxd7 Kd4 45. d6 Ke5 46. Be8 e3
47. Kc3 e2 48. Kd2 Kxd6 49. h4 Ke5 50. h5 gxh5 51. Bxh5 Kd4 52. b4 b5 53. Bg4
e1=Q+ 54. Kxe1 Kc3 55. Bd7 {Game drawn by mutual agreement} 1/2-1/2

[Event "Team 45 45 League T67"]
[Site "Internet Chess Club"]
[Date "2015.12.04"]
[Round "1"]
[White "JPSVI"]
[Black "Otelo"]
[Result "1-0"]
[WhiteElo "1601"]
[BlackElo "1824"]
[Opening "Queen's pawn: London system"]
[ECO "A45"]
[Time "21:06:49"]
[TimeControl "2700+45"]

1. d4 Nf6 2. Bf4 e6 3. Nf3 Bb4+ 4. c3 Be7 5. e3 O-O 6. Bd3 b6 7. O-O Bb7 8. h3
d6 9. Nbd2 Nbd7 10. e4 Nh5 11. Bh2 f5 12. Qb3 d5 13. exd5 exd5 14. Rfe1 c5 15.
Bb5 c4 16. Nxc4 dxc4 17. Qxc4+ Kh8 18. Bc7 Qe8 19. Qe6 Bxf3 20. Bxd7 Rf6 21.
Bxe8 Rxe6 22. Rxe6 Rxe8 23. Bd6 Bc6 24. Rae1 Nf6 25. Rxe7 Ne4 26. Rxe8+ Bxe8 27.
Bb8 a6 28. d5 Bd7 29. d6 Kg8 30. f3 Nd2 31. Re7 {Black resigns} 1-0

[Event "Team 45 45 League T67"]
[Site "Internet Chess Club"]
[Date "2015.12.06"]
[Round "1"]
[White "jonesey"]
[Black "JasonModer"]
[Result "0-1"]
[WhiteElo "1979"]
[BlackElo "1876"]
[Opening "Sicilian defense"]
[ECO "B20"]
[Time "18:02:28"]
[TimeControl "2700+45"]

1. e4 c5 2. c4 e6 3. Nc3 Nc6 4. g3 a6 5. a3 g6 6. Bg2 Bg7 7. Nge2 Nge7 8. d3 O-O
9. O-O Qc7 10. Rb1 d6 11. b4 Nd4 12. Nxd4 Bxd4 13. Ne2 Bg7 14. Bb2 Nc6 15. Bxg7
Kxg7 16. Qd2 e5 17. f4 f5 18. Qb2 Rb8 19. b5 axb5 20. cxb5 Nd4 21. Nxd4 exd4 22.
b6 Qf7 23. Rbc1 fxe4 24. dxe4 Be6 25. e5 Bc4 26. exd6 Bxf1 27. Rxc5 Qf6 28. Kxf1
g5 29. Rc7+ Kh8 30. Be4 Rf7 31. Rxf7 Qxf7 32. Qxd4+ Qg7 33. Qe5 Qxe5 34. fxe5
Kg7 35. Ke2 Kf7 36. Bd5+ Ke8 37. e6 Rd8 38. d7+ Ke7 39. Bxb7 Rb8 40. a4 Rxb7 41.
a5 Rb8 42. Kf3 Kxe6 43. a6 Kxd7 44. Kg4 Rxb6 {White resigns} 0-1